 Dungeon Sprint DCSS version 0.27.1-34-g3ba077fa99 (webtiles) character file.

Game seed: 15317374897581148230

134 boopmooplesden the Blocker (level 8, 0/81 HPs)
             Began as a Minotaur Fighter on Jan 16, 2022.
             Was a Priest of Okawaru.
             Slain by a cane toad (13 damage)
             ... in the Dungeon (Sprint VI: "Thunderdome").
             The game lasted 00:02:12 (605 turns).

boopmooplesden the Blocker (Minotaur Fighter)        Turns: 605, Time: 00:02:12

Health: 0/81       AC: 10    Str: 20    XL:     8   Next: 37%
Magic:  14/16      EV: 12    Int:  5    God:    Okawaru [***...]
Gold:   265        SH: 19    Dex:  7    Spells: 7/7 levels left

rFire    . . .     SeeInvis +   a - +0 long sword
rCold    . . .     Faith    .   c - +0 kite shield
rNeg     + + +     Spirit   .   b - +0 scale mail
rPois    +         Reflect  +   (helmet restricted)
rElec    +         Harm     .   (no cloak)
rCorr    .         Rampage  .   (no gloves)
Will     +....     NoTele   +   (no boots)
Stlth    ++........             q - amulet "Nylour" {Reflect rElec SH+5 Stlth+}
HPRegen  0.23/turn              o - ring "Hiczis" {Contam rElec rN+++ MP+9 Str-2}
MPRegen  0.15/turn              p - ring "Jupoyceaq" {rPois Will+ Dex-4 SInv}

@: heroic
A: horns 2, retaliatory headbutt
a: Renounce Religion, Heroism


You were in the Dungeon.
You worshipped Okawaru.
Okawaru was most pleased with you.
You visited 1 branch You collected 400 gold pieces.
You spent 135 gold pieces at shops.

Inventory:

Hand Weapons
 a - a +0 long sword (weapon)
Armour
 b - a +0 scale mail (worn)
 c - a +0 kite shield (worn)
Jewellery
 o - the ring "Hiczis" (left hand) {Contam rElec rN+++ MP+9 Str-2}
   (You bought it in a shop in the Dungeon)

   [ring of magical power]

   Str:       It affects your strength (-2).
   rElec:     It insulates you from electricity.
   rN:        It renders you almost immune to negative energy.
   MP:        It affects your magic capacity (+9).
   Contam:    It causes magical contamination when unequipped.
 p - the ring "Jupoyceaq" (right hand) {rPois Will+ Dex-4 SInv}
   (You bought it in a shop in the Dungeon)

   [ring of poison resistance]

   Dex:       It affects your dexterity (-4).
   rPois:     It protects you from poison.
   SInv:      It lets you see invisible.
   Will:      It increases your willpower.
 q - the amulet "Nylour" (around neck) {Reflect rElec SH+5 Stlth+}
   (You bought it in a shop in the Dungeon)

   [amulet of reflection]

   It reflects blocked missile attacks.
   rElec:     It insulates you from electricity.
   SH:        It affects your SH (+5).
   Stlth:     It makes you more stealthy.
Wands
 l - a wand of acid (5)
 m - a wand of iceblast (5)
Scrolls
 j - 4 scrolls of blinking
 n - 3 scrolls of fog
Potions
 f - 2 potions of heal wounds
 g - 4 potions of haste
 h - 2 potions of magic
 i - a potion of berserk rage
 k - a potion of resistance


   Skills:
 + Level 10.6(15.6) Fighting
 + Level 11.6(16.6) Long Blades
 + Level 10.1(15.1) Armour
 + Level 4.2(9.2) Dodging
 + Level 0.6(5.6) Stealth
 + Level 12.4(17.4) Shields
 + Level 1.0 Invocations


You had 7 spell levels left.
You didn't know any spells.
Your spell library was empty.

Dungeon Overview and Level Annotations

Branches:
Dungeon (1/1)

Altars:
Cheibriados
Dithmenos
Fedhas
Gozag
Kikubaaqudgha
Makhleb
Okawaru
Qazlal
Ru
Sif Muna
Trog
Uskayaw
Vehumet
Wu Jian
Xom
Yredelemnul
Zin
The Shining One
Beogh
Jiyva
Lugonu

Shops:
D *[??*?*:[((!!!!


Innate Abilities, Weirdness & Mutations

You have a pair of horns on your head.
You reflexively headbutt those who attack you in melee.


Message History

You see here a bullfrog corpse.
You hit the cane toad. Your headbutt misses the cane toad.
The cane toad is lightly wounded.
You block the cane toad's attack.
You hit the cane toad. You headbutt the cane toad.
The cane toad is moderately wounded.
The cane toad misses you.
You closely miss the cane toad. You headbutt the cane toad!
The cane toad is heavily wounded.
You block the cane toad's attack.
You closely miss the cane toad.
The cane toad is heavily wounded.
You block the cane toad's attack.
You hit the cane toad but do no damage. Your headbutt misses the cane toad.
The cane toad is heavily wounded.
The cane toad stings you but does no damage.
You closely miss the cane toad.
The cane toad is heavily wounded.
The cane toad stings you!
* * * LOW HITPOINT WARNING * * *
You are lethally poisoned!
The cane toad poisons you!
You barely miss the cane toad.
You headbutt the cane toad, but do no damage.
The cane toad is heavily wounded.
* * * LOW HITPOINT WARNING * * *
You feel very sick. The cane toad barely misses you.
The cane toad closely misses you.
You hit the cane toad but do no damage.
The cane toad is heavily wounded.
* * * LOW HITPOINT WARNING * * *
You feel very sick. The cane toad stings you!
* * * LOW HITPOINT WARNING * * *
Unknown command.
You feel better. The cane toad stings you.
* * * LOW HITPOINT WARNING * * *
You gain the combat prowess of a mighty hero.
The cane toad stings you!
You die...

######.8.........8.#####
##.___......###......___∩
###∩........8.# #.8........
##......).[....###..........
#⌠..........###[..###.......
#⌠..÷.......# #.<.# #.......
#⌠..........###...###.......
##......†.....†###........).
###∩.....F@.8.# #.8........
##∩___......###).....___∩
######.8.........8.#####
#⌠...........⌠#
###.........### #_......._#
#........_# #_......._#
#∩.......∩#


You could see a cane toad.

Vanquished Creatures
  A cane toad (D)
  Prince Ribbit (D)
  A blink frog (D)
  Sigmund (D)
  A necrophage (D)
  A phantom (D)
  2 bullfrogs (D)
  6 orc priests (D)
  Terence (D)
  2 adders (D)
  An adder skeleton (D)
  A bat skeleton (D)
  2 hobgoblins (D)
  A quokka skeleton (D)
22 creatures vanquished.

Notes
Turn   | Place    | Note
-------+----------+-------------------------------------------
     0 | D        | boopmooplesden the Minotaur Fighter began the quest for the
                  | Orb.
     0 | D        | Reached XP level 1. HP: 19/19 MP: 0/0
     3 | D        | Found a stormy altar of Qazlal.
     3 | D        | Found a corrupted altar of Lugonu.
     4 | D        | Found an iron altar of Okawaru.
     5 | D        | Found a snail-covered altar of Cheibriados.
     5 | D        | Found a blossoming altar of Fedhas.
     5 | D        | Round 1.
     6 | D        | Found an opulent altar of Gozag.
     6 | D        | Found an ornate altar of the Wu Jian Council.
     6 | D        | Found Nuke's Identification Station.
     7 | D        | Found Emmaoro's Jewellery.
     7 | D        | Found Aghesoseha's Advanced Armour.
    16 | D        | Bought a warped bronze ring for 45 gold pieces
    16 | D        | Identified the ring "Hiczis" {Contam rElec rN+++ MP+9
                  | Str-2} (You bought it in a shop in the Dungeon)
    16 | D        | Bought a twitching silver ring for 45 gold pieces
    16 | D        | Identified the ring "Jupoyceaq" {rPois Will+ Dex-4 SInv}
                  | (You bought it in a shop in the Dungeon)
    16 | D        | Bought a heavily runed tin amulet for 45 gold pieces
    16 | D        | Identified the amulet "Nylour" {Reflect rElec SH+5 Stlth+}
                  | (You bought it in a shop in the Dungeon)
    26 | D        | Became a worshipper of Warmaster Okawaru
    33 | D        | Reached skill level 4 in Shields
    33 | D        | Reached XP level 2. HP: 23/28 MP: 1/1
    36 | D        | Found a shimmering blue altar of Sif Muna.
    43 | D        | Found a hide-covered altar of Uskayaw.
    43 | D        | Found a shimmering altar of Xom.
    44 | D        | Found a bloodstained altar of Trog.
    72 | D        | Noticed Sigmund
    73 | D        | Found a viscous altar of Jiyva.
    73 | D        | Found a glowing silver altar of Zin.
    74 | D        | Found Mefic's Staff Store.
    74 | D        | Found Cyquupty's Magic Scroll Shop.
    75 | D        | Found Sagg's Must-Have Magic.
    75 | D        | Found Vyopt's Magic Scroll Shop.
    80 | D        | Killed Sigmund
    80 | D        | Reached * piety under Okawaru
    81 | D        | Reached skill level 5 in Long Blades
    81 | D        | Reached skill level 7 in Shields
    81 | D        | Reached XP level 3. HP: 16/40 MP: 2/2
    81 | D        | Reached XP level 4. HP: 19/48 MP: 3/3
    81 | D        | Reached XP level 5. HP: 21/53 MP: 4/4
   108 | D        | Reached skill level 8 in Shields
   116 | D        | Noticed Terence
   121 | D        | Killed Terence
   128 | D        | Arena points: 14 (+14) [x2]
   200 | D        | Round 2.
   249 | D        | Noticed a phantom
   261 | D        | Noticed a necrophage
   262 | D        | Killed a phantom
   263 | D        | Reached skill level 1 in Dodging
   263 | D        | Reached skill level 9 in Shields
   263 | D        | Reached XP level 6. HP: 62/62 MP: 5/5
   276 | D        | Reached ** piety under Okawaru
   308 | D        | Found a radiant altar of Vehumet.
   321 | D        | Arena points: 50 (+36) [x3]
   387 | D        | Round 3.
   401 | D        | Reached skill level 10 in Shields
   418 | D        | Found a sacrificial altar of Ru.
   418 | D        | Found Weblij's Distillery.
   419 | D        | Found Xoliz's Distillery.
   419 | D        | Found Gogrik's Bottled Wisdom.
   420 | D        | Found a burning altar of Makhleb.
   420 | D        | Found a glowing golden altar of the Shining One.
   420 | D        | Found Cidou's Do-It-Yourself Clinic.
   424 | D        | Found an ancient bone altar of Kikubaaqudgha.
   425 | D        | Found a shadowy altar of Dithmenos.
   439 | D        | Found a basalt altar of Yredelemnul.
   440 | D        | Found Voem's Weapon Rack.
   441 | D        | Found Ujuuh Ovui's Basic Armour.
   441 | D        | Found Tahyit's Miscellaneous Merchandise.
   442 | D        | Found Wexoath's Premium Goods.
   457 | D        | Reached XP level 7. HP: 63/70 MP: 6/6
   470 | D        | Arena points: 134 (+84) [x4]
   503 | D        | Round 4.
   503 | D        | Noticed Prince Ribbit
   513 | D        | HP: 2/71 [Prince Ribbit (13)]
   527 | D        | Killed Prince Ribbit
   528 | D        | Reached skill level 10 in Fighting
   528 | D        | Reached skill level 11 in Shields
   553 | D        | Noticed a blink frog
   556 | D        | Noticed a cane toad
   567 | D        | Killed a cane toad
   567 | D        | Reached *** piety under Okawaru
   568 | D        | Reached skill level 10 in Long Blades
   568 | D        | Reached skill level 10 in Armour
   568 | D        | Reached XP level 8. HP: 43/79 MP: 7/7
   578 | D        | Killed a blink frog
   579 | D        | Reached skill level 12 in Shields
   589 | D        | Noticed a cane toad
   595 | D        | Reached skill level 1 in Invocations
   605 | D        | Slain by a cane toad

Illustrated notes

Levels and vault maps discovered:
D:        arena_sprint

Skill      XL: |  1  2  3  4  5  6  7  8 |
---------------+-------------------------+-----
Fighting       | 4 7 8 9 10 | 10.6
Armour         | 4 8 9 10 | 10.1
Shields        | 4 7 9 10 11 12 | 12.4
Long Blades    | 5 6 8 10 11 | 11.6
Dodging        | 1 2 3 4 |  4.2
Invocations    | 1 |  1.0
Stealth        | |  0.6

Action                   |  1- 3 |  4- 6 |  7- 9 || total
-------------------------+-------+-------+-------++-------
Melee: Long sword        |     9 |    57 |    49 ||   115
       Headbutt          |     1 |     7 |    10 ||    18
Invok: Heroism           |       |       |     3 ||     3
  Use: Potion            |     1 |       |     3 ||     4
Armor: Scale mail        |     3 |    13 |     4 ||    20
Dodge: Dodged            |     5 |    15 |     9 ||    29
Block: Kite shield       |     4 |    35 |    29 ||    68
       Rpst.: Long sword |       |     6 |     1 ||     7
